 Dungeon Crawl Stone Soup version 0.30.0-5-g1a98f26d00 (webtiles) character file.

Game seed: 7946863050030852529

114 Firecrotchwizard the Chopper (level 4, -3/41 HPs)
             Began as a Hill Orc Monk on May 11, 2023.
             Slain by a scorpion (4 damage)
             ... on level 4 of the Dungeon.
             The game lasted 00:04:02 (1733 turns).

Firecrotchwizard the Chopper (Hill Orc Monk)        Turns: 1733, Time: 00:04:03

Health: -3/41      AC:  2    Str: 21    XL:     4   Next: 97%
Magic:  4/4        EV: 12    Int: 10    God:
Gold:   160        SH:  0    Dex: 13    Spells: 3/3 levels left

rFire   . . .        a - +0 hand axe
rCold   . . .        d - orb {light}
rNeg    . . .        b - +0 robe
rPois   .            (no helmet)
rElec   .            (no cloak)
rCorr   .            (no gloves)
SInv    .            (no boots)
Will    .....        (no amulet)
Stlth   +            g - +6 ring of strength
HPRegen 0.26/turn    (no ring)
MPRegen 0.09/turn

%: no passive effects
@: lethally poisoned (-3 -> -4), glowing
A: no striking features
a: no special abilities


You were on level 4 of the Dungeon.
You visited 1 branch of the dungeon, and saw 4 of its levels.

You collected 160 gold pieces.

Inventory:

Hand Weapons
 a - a +0 hand axe (weapon)
Armour
 b - a +0 robe (worn)
 d - an orb of light (worn)
Jewellery
 g - a +6 ring of strength (left hand)
 n - a ring of willpower
Scrolls
 e - a scroll of summoning {unknown}
 i - a scroll of amnesia {unknown}
 j - 2 scrolls of identify {unknown}
 k - a scroll of teleportation {unknown}
 l - a scroll of fog {unknown}
Potions
 c - 2 potions of ambrosia
 f - a potion of mutation {unknown}
 h - a potion of might {unknown}
 m - a potion of cancellation {unknown}
 o - a potion of berserk rage {unknown}


   Skills:
 + Level 4.5 Fighting
 * Level 5.9 Axes
 + Level 3.0 Dodging


You had 3 spell levels left.
You didn't know any spells.
Your spell library contained the following spells:

 Spells                   Type           Power      Damage    Failure   Level
 Scorch                   Fire           0%         2d5       50%         2
 Flame Wave               Conj/Fire      0%         2d4       98%         4
 Summon Cactus Giant      Summ           0%         N/A       100%        6


Dungeon Overview and Level Annotations

Branches:
Dungeon (4/15)
 Temple: D:4-7

Altars:
Qazlal

Annotations:
D:3 1 runed translucent door, Crazy Yiuf, Sigmund


Message History

You barely miss the adder.
The adder is heavily wounded.
The adder bites you.
You are poisoned.
The adder poisons you! The adder closely misses you.
You hit the adder.
The adder is severely wounded.
You barely miss the ball python.
You feel sick.
The ball python barely misses you. x2; The adder closely misses you.
You barely miss the adder.
The adder is severely wounded.
You hit the ball python.
You kill the ball python!
You feel sick. The adder bites you.
You hit the adder.
You kill the adder!
You feel sick.
No target in view!
No target in view!
You feel sick.
You feel sick.
You are no longer poisoned.
HP restored.
You now have 160 gold pieces (gained 11).
o - an inky potion You open the door.
A hound comes into view.
The hound barks!
There is an open door here.
A ball python comes into view.
A scorpion comes into view.
You barely miss the hound. The hound bites you. The hound misses you.
You slash the hound!
The hound is heavily wounded.
The hound bites you but does no damage. The hound barely misses you.
You hit the hound.
The hound is severely wounded.
The hound bites you but does no damage.
You hit the hound.
The hound is severely wounded.
The hound bites you. The hound closely misses you.
You hit the hound.
The hound is severely wounded.
The hound bites you.
You hit the hound.
The hound is almost dead.
You barely miss the ball python. The hound bites you.
The ball python bites you. The ball python closely misses you.
The hound bites you.
You slash the hound!
You kill the hound!
You barely miss the ball python.
The ball python bites you but does no damage.
The ball python grabs you. The ball python constricts you.
Your Dodging skill increases to level 3!
You barely miss the ball python. You hit the scorpion but do no damage.
The ball python closely misses you. The ball python constricts you.
The scorpion stings you.
* * * LOW HITPOINT WARNING * * *
The ball python closely misses you. The ball python constricts you.
You are too injured to fight recklessly!
You are too injured to fight recklessly!
You are too injured to fight recklessly!
You hit the scorpion but do no damage. You completely miss the ball python.
The scorpion stings you.
* * * LOW HITPOINT WARNING * * *
You are poisoned.
The scorpion poisons you! The ball python barely misses you.
The ball python constricts you. The scorpion barely misses you.
You hit the scorpion but do no damage. You hit the ball python.
You feel sick. The ball python closely misses you.
The ball python constricts you. The scorpion stings you.
* * * LOW HITPOINT WARNING * * *
You hit the scorpion but do no damage.
You hit the ball python but do no damage.
You feel sick. The ball python barely misses you.
The ball python constricts you. The scorpion closely misses you.
Unknown command.
You hit the scorpion.
The scorpion is moderately wounded.
You hit the ball python.
You feel sick. The ball python barely misses you.
The ball python constricts you.
* * * LOW HITPOINT WARNING * * *
The scorpion misses you.
You hit the scorpion.
The scorpion is moderately wounded.
You hit the ball python.
You kill the ball python!
You feel sick. The scorpion stings you.
* * * LOW HITPOINT WARNING * * *
You hit the scorpion but do no damage.
The scorpion is moderately wounded.
You feel sick. The scorpion stings you.
* * * LOW HITPOINT WARNING * * *
The scorpion stings you.
* * * LOW HITPOINT WARNING * * *
You hit the scorpion.
The scorpion is severely wounded.
* * * LOW HITPOINT WARNING * * *
You feel sick. The scorpion stings you.
You die...

..# #.....# .....# ..#
#.....#......#.. ..#
#.....##........
..#######......#........
...............#.....?..
...............#........
...............#........
...............'........
##....<........#@.......
########......#s.......
#......#........
#......#........
########........
#.#...... #........
###......


You could see a scorpion.

Vanquished Creatures
  A hound (D:4)
  3 adders
  5 worms (D:3)
  An endoplasm (D:1)
  10 giant cockroaches (D:3)
  2 goblins (D:1)
  4 hobgoblins
  A kobold (D:1)
  2 quokkas (D:1)
  5 ball pythons
  3 bats
  4 rats
41 creatures vanquished.

Notes
Turn   | Place    | Note
-------+----------+-------------------------------------------
     0 | D:1      | Firecrotchwizard the Hill Orc Monk began the quest for the
                  | Orb.
     0 | D:1      | Reached XP level 1. HP: 19/19 MP: 1/1
   130 | D:1      | Reached XP level 2. HP: 24/27 MP: 2/2
   400 | D:2      | Reached XP level 3. HP: 26/33 MP: 3/3
   447 | D:2      | Reached skill level 5 in Axes
  1086 | D:3      | Found a runed translucent door.
  1087 | D:3      | Noticed Crazy Yiuf
  1130 | D:3      | Found a stormy altar of Qazlal.
  1141 | D:3      | Reached XP level 4. HP: 25/40 MP: 4/4
  1550 | D:3      | Noticed Sigmund
  1718 | D:4      | Noticed a scorpion
  1732 | D:4      | HP: 2/41 [scorpion (3)]
  1733 | D:4      | Slain by a scorpion

Illustrated notes

Levels and vault maps discovered:
D:1:      amcnicky_arrival_gap_in_the_tavern_cellar, layout_basic,
          ebering_ecumenical_altar_ruins
D:2:      layout_basic, serial_shops, nicolae_shop_gaudy_bauble
D:3:      minmay_roachtagon, layout_loops_corners,
          nicolae_overflow_crystal_walls, lemuel_tele_altar, nicolae_wormholes,
          uniq_sigmund, uniq_crazy_yiuf_cottage, uniq_grinder
D:4:      layout_gridville, grunt_temple_overflow_opulence,
          nzn_hepliaklqana_mist_gate, hangedman_ru_absence, led_xom_imps,
          wad_floor_pattern_1, minmay_crystal_room,
          nicolae_shop_overcharged_wands, uniq_duvessa

Skill      XL: |  1  2  3  4 |
---------------+-------------+-----
Fighting       | 4 |  4.5
Axes           | 5 |  5.9
Dodging        | 3 |  3.0

Action                     |  1- 3 |  4- 6 || total
---------------------------+-------+-------++-------
  Melee: Hand axe          |   103 |    49 ||   152
 Armour: Robe              |    13 |    13 ||    26
  Dodge: Dodged            |    59 |    28 ||    87
